 Dungeon Crawl Stone Soup version 0.17.1-2-g5865329 (webtiles) character file.

677 FortyThree the Firebug (level 7, -1/50 HPs)
             Began as a Hill Orc Fire Elementalist on Feb 4, 2016.
             Slain by a scorpion (2 damage)
             ... on level 5 of the Dungeon.
             The game lasted 00:16:12 (6146 turns).

FortyThree the Firebug (Hill Orc Fire Elementalist) Turns: 6146, Time: 00:16:12

Health: -1/50      AC:  3    Str: 12    XL:     7   Next: 60%
Magic:  1/9        EV: 12    Int: 16    God:
Gold:   261        SH:  0    Dex: 11    Spells: 3 memorised, 3 levels left

rFire  . . .     SeeInvis .     p - +0 spear
rCold  . . .     Clarity  .     v - +0 robe (curse)
rNeg   . . .     SustAt   .     (no shield)
rPois  +         Gourm    .     (no helmet)
rElec  .         Spirit   .     (no cloak)
rCorr  .         Warding  .     l - +0 pair of gloves
rMut   .         Stasis   .     (no boots)
MR     .....                    (no amulet)
Stlth  ++........               (no ring)
                                n - ring of poison resistance

@: lethally poisoned (-1 -> -2), not resistant to hostile enchantments,
unstealthy
A: no striking features
a: no special abilities


You were on level 5 of the Dungeon.
You were hungry.

You visited 2 branches of the dungeon, and saw 8 of its levels.

You collected 261 gold pieces.

Inventory:

Hand Weapons
 p - a +0 spear (weapon)
 q - a +0 club
Armour
 a - a +0 robe
 l - a +0 pair of gloves (worn)
 v - a cursed +0 robe (worn)
Jewellery
 n - a ring of poison resistance (left hand)
Wands
 e - a wand of fire (13)
 t - a wand of disintegration (6)
 w - a wand of teleportation (3)
Scrolls
 d - a scroll of recharging {unknown}
 g - 2 scrolls of amnesia
 h - 2 scrolls of magic mapping
 j - 2 scrolls of teleportation
 r - a scroll of fog {unknown}
 s - a scroll of identify
Potions
 i - a potion of mutation {unknown}
 m - a potion of resistance
 o - a potion of magic {unknown}
 u - a potion of cancellation {unknown}
Books
 b - a book of Flames

   Spells                             Type                      Level
   a - Flame Tongue                   Conjuration/Fire             1
   b - Throw Flame                    Conjuration/Fire             2
   c - Conjure Flame                  Conjuration/Fire             3
   d - Inner Flame                    Hexes/Fire                   3
   e - Sticky Flame                   Conjuration/Fire             4
   f - Fireball                       Conjuration/Fire             5
Comestibles
 c - 7 bread rations
 f - 2 chunks of flesh
 k - 5 meat rations


   Skills:
 + Level 4.9 Polearms
 - Level 1.5 Dodging
 - Level 1.5 Stealth
 - Level 1.5 Spellcasting
 - Level 4.6 Conjurations
 - Level 6.0 Fire Magic


You had 3 spell levels left.
You knew the following spells:

 Your Spells              Type           Power        Failure   Level  Hunger
a - Flame Tongue          Conj/Fire      ###..        2%          1    ##.....
b - Throw Flame           Conj/Fire      ###...       4%          2    ###....
c - Conjure Flame         Conj/Fire      ###.....     10%         3    ####...


Dungeon Overview and Level Annotations

Branches:
Dungeon (7/15)             Temple (1/1) D:4

Altars:
Cheibriados
Elyvilon
Fedhas
Gozag
Makhleb
Nemelex Xobeh
Qazlal
Ru
Yredelemnul
Zin
The Shining One

Shops:
D:4 :

Annotations:
D:6 Sigmund


Message History

The scorpion is almost dead.
You feel sick.
You completely miss the scorpion.
The scorpion is almost dead.
The scorpion stings you.
* * * LOW HITPOINT WARNING * * *
You hit the scorpion but do no damage.
The scorpion is almost dead.
The scorpion barely misses you.
You closely miss the scorpion.
The scorpion is almost dead.
You feel sick. The scorpion stings you.
* * * LOW HITPOINT WARNING * * *
You hit the scorpion but do no damage.
The scorpion is almost dead.
The scorpion closely misses you.
You closely miss the scorpion.
The scorpion is almost dead.
The scorpion stings you.
You die...

######## #......#
#......# #......#
#.....(# ###......#
#####...##.###
###.....####.#
#@......# #.#
#.s.....# #.#
###...### #.# ≈
##.## #.# ≈≈ #.#
##.###.P #.###
#....... #...#
#.......
######.####.......
##...##..##........


You could see a scorpion.

Vanquished Creatures
  A black bear (D:7)
  An ogre (D:4)
  A crimson imp (D:3)
  A hound (D:6)
  2 jellies
  A giant frog skeleton (D:3)
  2 worker ants
  The ghost of Charly the Grave Robber, a weakling DsNe (D:3)
  3 hound skeletons (D:4)
  10 gnolls
  6 adders
  An ooze (D:1)
  An adder zombie (D:3)
  2 worms
  3 giant geckos
  2 orcs (D:3)
  2 ball pythons
  9 bats
  7 giant cockroaches
  5 goblins
  6 hobgoblins
  6 jackals (D:5)
  2 quokkas
  A giant gecko skeleton (D:4)
  A giant gecko zombie (D:5)
  6 giant newts
  3 kobolds
  A quokka skeleton (D:4)
  8 rats
95 creatures vanquished.

Notes
Turn   | Place    | Note
--------------------------------------------------------------
     0 | D:1      | FortyThree the Hill Orc Fire Elementalist began the quest for the Orb.
     0 | D:1      | Reached XP level 1. HP: 14/14 MP: 3/3
   447 | D:1      | Reached XP level 2. HP: 20/20 MP: 1/4
   703 | D:1      | You fall through a shaft!
  1008 | D:1      | Learned a level 2 spell: Throw Flame
  1111 | D:2      | Reached XP level 3. HP: 26/26 MP: 2/5
  1170 | D:2      | Reached skill level 4 in Fire Magic
  2469 | D:3      | Noticed Charly's ghost (weakling DsNe)
  2511 | D:3      | Killed Charly's ghost
  2511 | D:3      | Reached XP level 4. HP: 33/33 MP: 2/6
  2554 | D:3      | Learned a level 3 spell: Conjure Flame
  2696 | D:3      | Found a glowing golden altar of the Shining One.
  2858 | D:3      | Reached XP level 5. HP: 25/38 MP: 7/7
  2859 | D:3      | Reached skill level 5 in Fire Magic
  3002 | D:3      | Found a blossoming altar of Fedhas.
  3002 | D:3      | Found a white marble altar of Elyvilon.
  3676 | D:4      | Noticed an ogre
  3700 | D:4      | Killed an ogre
  3700 | D:4      | Reached XP level 6. HP: 45/45 MP: 0/8
  3981 | D:4      | Found a snail-covered altar of Cheibriados.
  4068 | D:4      | Found Osachat's Book Shoppe.
  4083 | D:4      | Found a staircase to the Ecumenical Temple.
  4094 | Temple   | Entered the Ecumenical Temple
  4368 | D:4      | Noticed a necrophage
  4461 | D:4      | Found a sparkling altar of Nemelex Xobeh.
  4595 | D:4      | Reached skill level 6 in Fire Magic
  4937 | D:4      | You fall through a shaft for 3 floors!
  4965 | D:7      | Reached XP level 7. HP: 49/49 MP: 0/9
  5146 | D:6      | Noticed Sigmund
  5335 | D:5      | Entered Level 5 of the Dungeon
  6144 | D:5      | HP: 1/50 [scorpion (4)]
  6146 | D:5      | Slain by a scorpion

Action                   |  1- 3 |  4- 6 |  7- 9 || total
-------------------------+-------+-------+-------++-------
Melee: Unarmed           |     6 |       |       ||     6
       Club              |    21 |    35 |       ||    56
       Spear             |       |     4 |    74 ||    78
 Cast: Flame Tongue      |    69 |    77 |    53 ||   199
       Conjure Flame     |       |     2 |       ||     2
Evoke: Wand              |       |     1 |       ||     1
  Use: Scroll            |       |    10 |       ||    10
       Potion            |       |       |     3 ||     3
 Stab: Sleeping          |       |     1 |     1 ||     2
  Eat: Chunk             |     4 |     6 |     3 ||    13
       Royal jelly       |     1 |       |       ||     1
       Bread ration      |       |     1 |       ||     1
       Pizza             |       |     1 |       ||     1
